 Dungeon Crawl Stone Soup version 0.29-a0-231-g945431f764 (webtiles) character file.

Game seed: 4446264070819188449

18 GabrielManson the Sneak (level 2, 0/21 HPs)
             Began as an Octopode Delver on Mar 1, 2022.
             Slain by an adder (2 damage)
             ... on level 2 of the Dungeon.
             The game lasted 00:01:57 (549 turns).

GabrielManson the Sneak (Octopode Delver)            Turns: 549, Time: 00:01:58

Health: 0/21       AC:  1    Str: 11    XL:     2   Next: 70%
Magic:  2/2        EV: 13    Int: 12    God:
Gold:   0          SH:  0    Dex: 13    Spells: 1/1 levels left

rFire   . . .      SeeInvis .     - Unarmed
rCold   . . .      Faith    .   (no shield)
rNeg    . . .      Spirit   .   (helmet restricted)
rPois   .          Reflect  .   (no amulet)
rElec   .          Harm     .   (no ring)
rCorr   .          Rampage  .   (no ring)
Will    .....                   (no ring)
Stlth   ++++......              (no ring)
HPRegen 0.07/turn               (no ring)
MPRegen 0.08/turn               (no ring)
                                (no ring)
                                (no ring)

@: no status effects
A: almost no armour, amphibious, 8 rings, camouflage 1, gelatinous body 1,
(nimble swimmer 1), tentacles
a: no special abilities


You were on level 2 of the Dungeon.
You visited 1 branch of the dungeon, and saw 4 of its levels.

Inventory:

Wands
 e - a wand of digging (3)
Scrolls
 a - a scroll of fog
 b - a scroll of magic mapping
 c - 2 scrolls of fear
Potions
 d - a potion of haste
 f - a potion of attraction {unknown}


   Skills:
 + Level 3.2 Fighting
 + Level 2.2 Dodging
 - Level 6.6 Stealth
 + Level 2.7 Unarmed Combat


You had one spell level left.
You didn't know any spells.
Your spell library was empty.

Dungeon Overview and Level Annotations

Branches:
Dungeon (5/15)
 Temple: D:4-7

Altars:

Annotations:
D:3 Robin


Innate Abilities, Weirdness & Mutations

You cannot wear most types of armour.
You are amphibious.
You can wear up to eight rings at the same time.
Your skin changes colour to match your surroundings (Stealth+).
Your rubbery body absorbs attacks. (AC +1, EV +1)
((You are camouflaged when in or above water. (Stealth+)))
You have tentacles for arms and can constrict up to eight enemies at once.


Message History

You tentacle-slap the hobgoblin. Your grab misses the hobgoblin.
The hobgoblin is almost dead.
The kobold shouts!
The hobgoblin hits you.
You barely miss the hobgoblin.
The goblin shouts!
Your grab misses the hobgoblin. You squeeze the hobgoblin.
You kill the hobgoblin!
You tentacle-slap the kobold.
You kill the kobold!
You tentacle-slap the goblin. Your grab misses the goblin.
The goblin is severely wounded.
The goblin barely misses you.
You barely miss the goblin. Your grab misses the goblin.
The goblin is severely wounded.
The goblin barely misses you.
You closely miss the goblin. You grab the goblin. You squeeze the goblin.
You kill the goblin!
Items here: ))) †††.
Items here: ))) †††.
Okay, then.
You start resting.
An adder comes into view.
Found a stone staircase leading up.
You closely miss the adder.
The adder hisses angrily.
Your grab misses the adder. The adder bites you. x2
You are too injured to fight recklessly!
You tentacle-slap the adder but do no damage.
Your grab misses the adder. The adder bites you.
* * * LOW HITPOINT WARNING * * *
You tentacle-slap the adder. Your grab misses the adder.
Your squeeze misses the adder.
The adder is lightly wounded.
The adder completely misses you. The adder bites you.
* * * LOW HITPOINT WARNING * * *
An endoplasm comes into view.
The adder bites you.
You die...

#. .. #. .. ###. .#
.... .## ##. #.#.##
.. .... ##.#..#
.#..# #..##.###....#
#######......S@....#
............####J..#
#####..#######...#
#.>).........#
#.#####..... # #.#
... #.# . #.# #.#


You could see an adder and an endoplasm (asleep).

Vanquished Creatures
  An adder (D:4)
  An ufetubus (D:4)
  A hobgoblin (D:2)
  2 goblins (D:2)
  A kobold (D:2)
6 creatures vanquished.

Notes
Turn   | Place    | Note
-------+----------+-------------------------------------------
     0 | D:5      | GabrielManson the Octopode Delver began the quest for the
                  | Orb.
     0 | D:5      | Reached XP level 1. HP: 16/16 MP: 1/1
   316 | D:4      | Reached XP level 2. HP: 19/21 MP: 2/2
   503 | D:3      | Noticed Robin
   549 | D:2      | Slain by an adder

Illustrated notes

Levels and vault maps discovered:
D:2:      layout_loops_ring, basic_altar, basic_ecumenical_altar
D:3:      layout_rooms, nrook_campfire, uniq_crazy_yiuf_cottage, uniq_robin
D:4:      layout_gridville, ebering_ghost_reflecting_pool
D:5:      layout_loops_ring, serial_shops, nicolae_shop_statue_plus

Action                   || total
-------------------------++-------
Melee: Unarmed           ||    22
       Constrict         ||     4
       Tentacles         ||     3
       Punch             ||     1
 Stab: Sleeping          ||     1
Armor: Skin              ||     3
Dodge: Dodged            ||    21

Table legend: (Time is in decaauts)
 A = Elapsed time spent in this place.
 B = Non-inter-level travel time spent in this place.
 C = Inter-level travel time spent in this place.
 D = Time resting spent in this place.
 E = Time spent auto-exploring this place.
 F = Levels seen in this place.
 G = Mean time per level.
                   A        B        C        D        E       F      G
               +--------+--------+--------+--------+--------+-----+--------+
         Total |    547 |    547 |      0 |    382 |     39 |   4 |  136.8 |
       Dungeon |    547 |    547 |      0 |    382 |     39 |   4 |  136.8 |
               +--------+--------+--------+--------+--------+-----+--------+

Top non-repeatable levels by time:
     D:4: 436 daAuts
     D:3: 71 daAuts
     D:2: 36 daAuts
     D:5: 3 daAuts
